 Dungeon Crawl Stone Soup version 0.25.1-2-g60ff931df9 (webtiles) character file.

Game seed: 4642609390715185389

414 Forgol the Chopper (level 7, -1/52 HPs)
             Began as a Formicid Fighter on Sept 9, 2020.
             Slain by an orc priest (3 damage)
             ... on level 3 of the Dungeon.
             The game lasted 00:05:21 (2505 turns).

Forgol the Chopper (Formicid Fighter)               Turns: 2505, Time: 00:05:21

Health: -1/52      AC:  6    Str: 22    XL:     7   Next: 14%
Magic:  7/7        EV:  8    Int:  8    God:
Gold:   97         SH: 10    Dex: 10    Spells: 6/6 levels left

rFire    . . .     SeeInvis +   a - +1 war axe
rCold    . . .     Gourm    .   c - +1 kite shield
rNeg     . . .     Faith    .   b - +0 scale mail
rPois    +         Spirit   .   (helmet unavailable)
rElec    .         Reflect  .   (no cloak)
rCorr    .         Harm     .   (no gloves)
MR       .....                  (no boots)
Stlth    ..........             n - amulet of magic regeneration
HPRegen  0.17/turn              e - ring of poison resistance
MPRegen  0.35/turn              (no ring)

@: stab
A: permanent stasis, dig shafts and tunnels, four strong arms, antennae 3
a: Dig, Shaft Self


You were on level 3 of the Dungeon.
You were not hungry.

You visited 1 branch of the dungeon, and saw 4 of its levels.

You collected 97 gold pieces.

Inventory:

Hand Weapons
 a - a +1 war axe (weapon)
Armour
 b - a +0 scale mail (worn)
 c - a +1 kite shield (worn)
Jewellery
 e - a ring of poison resistance (left hand)
 j - an uncursed amulet of guardian spirit {unknown}
 n - an amulet of magic regeneration (around neck)
Scrolls
 i - a scroll of amnesia
 k - 2 scrolls of enchant weapon
Potions
 d - a potion of curing {unknown}
 g - 2 potions of stabbing
 h - a potion of heal wounds {unknown}
 l - a potion of haste {unknown}
 p - 2 potions of flight {unknown}
 q - a potion of degeneration {unknown}
 s - a potion of cancellation {unknown}
Comestibles
 f - 5 rations
 r - 3 chunks of flesh


   Skills:
 - Level 3.2 Fighting
 + Level 7.2 Axes
 - Level 3.2 Armour
 - Level 3.6 Shields


You had 6 spell levels left.
You didn't know any spells.
Your spell library was empty.

Dungeon Overview and Level Annotations

Branches:
Dungeon (4/15)
 Temple: D:4-7

Altars:
Elyvilon
Qazlal


Innate Abilities, Weirdness & Mutations

You cannot be hasted, slowed, berserked, paralysed or teleported.
You can dig through walls and to a lower floor.
Your four strong arms can wield two-handed weapons with a shield.
You have a pair of large antennae on your head. (SInv)


Message History

You hit the orc priest.
The orc priest is moderately wounded.
The orc priest barely misses you. You block the orc priest's attack.
You slash the orc priest!
The orc priest is severely wounded.
The orc priest mumbles some strange prayers to Beogh against you.
Beogh smites you!
* * * LOW HITPOINT WARNING * * *
You block the orc priest's attack.
You slash the orc priest!
You kill the orc priest!
The orc priest calls down the wrath of Beogh upon you.
Beogh smites you!
* * * LOW HITPOINT WARNING * * *
The orc priest casts a cantrip, but nothing happens.
You block the orc priest's attack.
Items here: )) [ ††† You feel ready to backstab.
The orc priest hits you.
You die...

...#
...
#...#
...
....+
#'#
#...#
#.#
#.....
#.#
......
#.#
#.####
#K#
#.#
#o# #
# #@#
# #.#
# #.#
#.#
#.#
#.#
#.#
#.#
#.#


You could see an orc priest and a kobold.

Vanquished Creatures
  Grinder (D:3)
  2 orc priests (D:3)
  Natasha (twice) (D:2)
  5 adders
  A worm (D:3)
  A dart slug (D:1)
  3 leopard geckos
  13 orcs
  A giant cockroach (D:2)
  3 hobgoblins
  2 quokkas
  5 bats
  2 frilled lizards
  6 goblins
  6 kobolds (D:1)
  6 rats
59 creatures vanquished.

Vanquished Creatures (others)
  A kobold (D:2)
1 creature vanquished.

Grand Total: 60 creatures vanquished

Notes
Turn   | Place    | Note
-------+----------+-------------------------------------------
     0 | D:1      | Forgol the Formicid Fighter began the quest for the Orb.
     0 | D:1      | Reached XP level 1. HP: 18/18 MP: 1/1
    98 | D:1      | Reached XP level 2. HP: 17/24 MP: 2/2
   281 | D:1      | Reached skill level 3 in Axes
   524 | D:2      | Reached XP level 3. HP: 29/29 MP: 3/3
   862 | D:2      | Noticed Natasha
   870 | D:2      | Killed Natasha
   870 | D:2      | Reached skill level 4 in Axes
   870 | D:2      | Reached XP level 4. HP: 20/35 MP: 4/4
  1046 | D:2      | Found a stormy altar of Qazlal.
  1053 | D:2      | You fall into a shaft and drop 2 floors!
  1397 | D:3      | Reached XP level 5. HP: 25/41 MP: 5/5
  1526 | D:3      | Noticed Grinder
  1532 | D:3      | Reached skill level 5 in Axes
  1555 | D:3      | Killed Grinder
  1555 | D:3      | Reached skill level 6 in Axes
  1555 | D:3      | Reached XP level 6. HP: 7/47 MP: 6/6
  2048 | D:2      | Noticed Natasha
  2058 | D:2      | Killed Natasha
  2141 | D:2      | Found a white marble altar of Elyvilon.
  2223 | D:2      | Reached XP level 7. HP: 52/52 MP: 7/7
  2299 | D:2      | Reached skill level 7 in Axes
  2503 | D:3      | HP: 2/52 [orc priest/divine providence (10)]
  2505 | D:3      | Slain by an orc priest

Illustrated notes

Levels and vault maps discovered:
D:1:      lemuel_arrival_hallway, layout_rooms
D:2:      layout_basic, old_standard_altar, elyvilon_altar_4, first_ration,
          uniq_natasha
D:3:      layout_basic, uniq_grinder
D:4:      layout_cave_pools, lemuel_coloured_pillars_altar

Skill      XL: |  1  2  3  4  5  6  7 |
---------------+----------------------+-----
Axes           | 3 4 6 7 |  7.2
Fighting       | |  3.2
Armour         | |  3.2
Shields        | |  3.6

Action                   |  1- 3 |  4- 6 |  7- 9 || total
-------------------------+-------+-------+-------++-------
Melee: War axe           |    67 |   100 |    24 ||   191
  Use: Scroll            |     4 |       |     3 ||     7
       Potion            |       |     1 |     1 ||     2
  Eat: Chunk             |       |     4 |     1 ||     5
Armor: Scale mail        |    33 |    33 |     8 ||    74
Dodge: Dodged            |    18 |    31 |    13 ||    62
Block: Kite shield       |    54 |    60 |    18 ||   132
